 Dungeon Sprint DCSS version 0.27-a0-1502-g47ed6a6988 (webtiles) character file.

Game seed: 11577805328545719632

121 tygod the Cudgeller (level 5, -6/55 HPs)
             Began as a Gargoyle Berserker on July 9, 2021.
             Was a Believer of Trog.
             Mangled by a killer bee (7 damage)
             ... in the Dungeon (Sprint IV: "Fedhas' Mad Dash").
             The game lasted 00:01:19 (380 turns).

tygod the Cudgeller (Gargoyle Berserker)             Turns: 380, Time: 00:01:20

Health: -6/55      AC:  6    Str: 21    XL:     5   Next: 5%
Magic:  4/5        EV: 12    Int:  8    God:    Trog [**....]
Gold:   72         SH:  0    Dex:  9    Spells: 4/4 levels left

rFire    . . .     SeeInvis .   a - +1 mace
rCold    . . .     Faith    .   (no shield)
rNeg     + . .     Spirit   .   b - +0 animal skin
rPois    ∞         Reflect  .   (no helmet)
rElec    +         Harm     .   (no cloak)
rCorr    .         Rampage  .   (no gloves)
Will     ++...     NoTele   +   (no boots)
Stlth    ..........             k - amulet of invisibility {+Inv}
HPRegen  1.18/turn              (no ring)
MPRegen  0.09/turn              (no ring)

@: berserking (expiring), strong-willed, very slightly contaminated,
regenerating, very quick
A: sickness immunity, AC +4, negative energy resistance 1, electricity
resistance, torment resistance 1, petrification resistance
a: Renounce Religion, Evoke Invisibility, Berserk, Trog's Hand


You were in the Dungeon.
You worshipped Trog.
Trog was pleased with you.
You visited 1 branch You collected 72 gold pieces.

Inventory:

Hand Weapons
 a - a +1 mace (weapon)
Missiles
 i - 17 stones (quivered)
Armour
 b - a +0 animal skin (worn)
Jewellery
 k - the amulet of invisibility (around neck) {+Inv}
   (You found it in the Dungeon)

   [amulet of nothing]

   +Inv:      It lets you turn invisible.
Scrolls
 h - a scroll of blinking
Potions
 c - a potion of curing
 d - a potion of heal wounds
 e - a potion of haste
 f - 2 potions of magic
 g - a potion of berserk rage


   Skills:
 + Level 6.8 Fighting
 + Level 7.0 Maces & Flails
 + Level 3.7 Armour
 + Level 3.0 Dodging
 + Level 0.9 Stealth
 + Level 0.2 Evocations


You had 4 spell levels left.
You didn't know any spells.
Your spell library was empty.

Dungeon Overview and Level Annotations

Branches:
Dungeon (1/1)

Altars:


Innate Abilities, Weirdness & Mutations

You are immune to sickness and miasma.
Your stone body is resilient. (AC +4)
You are immune to poison.
You resist negative energy. (rN+)
You are resistant to electric shocks. (rElec)
You are resistant to unholy torment.
You are immune to petrification.


Message History

The killer bee buzzes angrily. x2
The queen bee stings you! The killer bee completely misses you.
You are too injured to fight recklessly!
You are too injured to fight recklessly!
The killer bee buzzes angrily.
You sock the queen bee!
The queen bee is heavily wounded.
The killer bee buzzes angrily.
The killer bee barely misses you. The killer bee misses you.
You catch the helpless queen bee completely off-guard!
You hit the queen bee.
The queen bee is heavily wounded.
The killer bee buzzes angrily.
The killer bee closely misses you. The queen bee misses you.
The killer bee misses you.
You bludgeon the queen bee!!
The queen bee is almost dead.
The killer bee stings you but does no damage.
The queen bee calls on the killer bee to defend it!
The killer bee goes berserk!
The killer bee closely misses you.
You hit the queen bee but do no damage.
The queen bee is almost dead.
You flicker back into view.
The killer bee buzzes angrily.
The killer bee closely misses you. The killer bee barely misses you.
You closely miss the queen bee.
The queen bee is almost dead.
The killer bee barely misses you. x2; The queen bee stings you.
The killer bee stings you!
* * * LOW HITPOINT WARNING * * *
The killer bee barely misses you. The killer bee stings you.
* * * LOW HITPOINT WARNING * * *
You hit the queen bee.
The queen bee is almost dead.
The killer bee stings you!
* * * LOW HITPOINT WARNING * * *
The killer bee stings you.
* * * LOW HITPOINT WARNING * * *
The killer bee stings you!
You die...

##################
#<..P#.....#.....#
#PP..'.....'.#...+
#PPPP#÷....#.#...#
###############'##
♣@yy.....'...#
#...yyy♣.....#...#
#.....♣..♣..######
##+####+#####


You could see a queen bee and 4 killer bees.

Vanquished Creatures
  A scorpion (D)
  2 oklob saplings (D)
  A river rat (D)
  A rat (D)
5 creatures vanquished.

Notes
Turn   | Place    | Note
-------+----------+-------------------------------------------
     0 | D        | tygod the Gargoyle Berserker began the quest for the Orb.
     0 | D        | Reached XP level 1. HP: 14/14 MP: 1/1
    12 | D        | Reached skill level 4 in Maces & Flails
    12 | D        | Reached XP level 2. HP: 19/20 MP: 2/2
   217 | D        | Noticed a scorpion
   223 | D        | Killed a scorpion
   223 | D        | Reached ** piety under Trog
   224 | D        | Reached skill level 6 in Maces & Flails
   224 | D        | Reached XP level 3. HP: 27/27 MP: 3/3
   224 | D        | Reached XP level 4. HP: 32/32 MP: 4/4
   268 | D        | Found the amulet of invisibility {+Inv}
   327 | D        | Reached skill level 7 in Maces & Flails
   327 | D        | Reached XP level 5. HP: 37/37 MP: 2/5
   365 | D        | Noticed a queen bee
   380 | D        | HP: 2/55 [killer bee (8)]
   380 | D        | Mangled by a killer bee

Illustrated notes

Levels and vault maps discovered:
D:        dungeon_sprint_fedhas [sprint_temple]

Skill      XL: |  1  2  3  4 |
---------------+-------------+-----
Fighting       | 4 6 |  6.8
Maces & Flails | 4 6 7 |  7.0
Dodging        | 2 3 |  3.0
Armour         | 3 |  3.7
Stealth        | |  0.9
Evocations     | |  0.2

Action                   |  1- 3 |  4- 6 || total
-------------------------+-------+-------++-------
Melee: Mace              |    10 |    15 ||    25
Invok: Berserk           |     2 |     2 ||     4
       Trog's Hand       |       |     1 ||     1
 Abil: Evoke Invisibilit |       |     2 ||     2
  Use: Scroll            |       |     1 ||     1
 Stab: Invisible         |       |     3 ||     3
       Sleeping          |       |     1 ||     1
Armor: Animal skin       |     3 |     3 ||     6
Dodge: Dodged            |     2 |    18 ||    20

Table legend: (Time is in decaauts)
 A = Elapsed time spent in this place.
 B = Non-inter-level travel time spent in this place.
 C = Inter-level travel time spent in this place.
 D = Time resting spent in this place.
 E = Time spent auto-exploring this place.
 F = Levels seen in this place.
 G = Mean time per level.
                   A        B        C        D        E       F      G
               +--------+--------+--------+--------+--------+-----+--------+
         Total |    413 |    413 |      0 |    314 |      0 |   1 |  413.0 |
       Dungeon |    413 |    413 |      0 |    314 |      0 |   1 |  413.0 |
               +--------+--------+--------+--------+--------+-----+--------+

Top non-repeatable levels by time:
       D: 413 daAuts
